TOP OF THE 1ST |
Richmond Flairs batting - Pitching for Otsego Bulldogs : RHP Matthew Scott
|
Pitching: RHP Matthew Scott
|
|
Batting: RHB Javier Rentería
|
0-0: Ball 1-0: Swinging Strike 1-1: Ground out 5-3 (Groundball, 56S)
|
Batting: RHB Freddy Padilla
|
0-0: Foul Ball, location: 2F 0-1: Swinging Strike 0-2: Foul Ball, location: 2F 0-2: Ball 1-2: Foul Ball, location: 2F 1-2: Fly out, F9 (Flyball, 9)
|
Batting: LHB Sean Nicks
|
0-0: SOLO HOME RUN (Flyball, 9D), Distance : 378 ft
|
Batting: RHB Alberto Hernández
|
0-0: Called Strike 0-1: Ball 1-1: DOUBLE (Flyball, 7D)
|
Batting: LHB Frank Geddes
|
0-0: Called Strike 0-1: SINGLE (Line Drive, 78S) Alberto Hernández to third Runner from 3rd tries for Home, SAFE, no throw
|
Batting: LHB R.J. Courtney
|
0-0: Ball 1-0: SINGLE (Flyball, 5D) Frank Geddes to second
|
Batting: RHB Hollis Wood
|
0-0: Called Strike 0-1: Ball 1-1: Ball 2-1: SINGLE (Groundball, 56D) Frank Geddes to third R.J. Courtney to second Runner from 3rd tries for Home, SAFE, no throw
|
Batting: RHB Christian Hudson
|
0-0: Ball 1-0: Ball 2-0: Foul Ball, location: 2F 2-1: Foul Ball, location: 2F 2-2: Ball 3-2: SINGLE (Groundball, 4MD) R.J. Courtney to third Hollis Wood to second R.J. Courtney scores Hollis Wood to third
|
Batting: RHB Ray Yates
|
0-0: SINGLE (Groundball, 56D) Hollis Wood scores Christian Hudson to second
|
Batting: RHB Javier Rentería
|
0-0: Ball 1-0: Ground out 1-3 (Groundball, 13S)
|
Top of the 1st over - 5 run(s), 7 hit(s), 0 error(s), 2 left on base; Richmond 5 - Otsego 0 |
BOTTOM OF THE 1ST |
Otsego Bulldogs batting - Pitching for Richmond Flairs : LHP Carl Lewis
|
Pitching: LHP Carl Lewis
|
|
Batting: RHB Kyung-bok Cho
|
0-0: Ball 1-0: Ball 2-0: Swinging Strike 2-1: Swinging Strike 2-2: Ground out 6-3 (Groundball, 6S)
|
Batting: RHB Armando Cuevas
|
0-0: Fly out, F1 (Line Drive, 13)
|
Batting: RHB Jesús Tisnado
|
0-0: Called Strike 0-1: DOUBLE (Line Drive, 7D)
|
Batting: RHB Jorge Cisneros
|
0-0: Foul Ball, location: 2F 0-1: Ball 1-1: Foul Ball, location: 2F 1-2: Ball 2-2: Fly out, F8 (Flyball, 8LS)
|
Bottom of the 1st over - 0 run(s), 1 hit(s), 0 error(s), 1 left on base; Richmond 5 - Otsego 0 |
TOP OF THE 2ND |
Richmond Flairs batting - Pitching for Otsego Bulldogs : RHP Matthew Scott
|
Batting: RHB Freddy Padilla
|
0-0: Foul Ball, location: 2F 0-1: Ball 1-1: Foul Ball, location: 2F 1-2: Ball 2-2: Foul Ball, location: 2F 2-2: Fly out, F4 (Line Drive, 4)
|
Batting: LHB Sean Nicks
|
0-0: Called Strike 0-1: Ball 1-1: SOLO HOME RUN (Flyball, 9D), Distance : 433 ft
|
Batting: RHB Alberto Hernández
|
0-0: SINGLE (Line Drive, 9S)
|
Batting: LHB Frank Geddes
|
0-0: Ball 1-0: Called Strike 1-1: Ball 2-1: Foul Ball, location: 2F 2-2: Fly out, F7 (Flyball, 7S)
|
Batting: LHB R.J. Courtney
|
0-0: Foul Ball, location: 2F 0-1: Called Strike 0-2: Ball 1-2: 2-RUN HOME RUN (Flyball, 89XD), Distance : 406 ft
|
Batting: RHB Hollis Wood
|
0-0: Called Strike 0-1: Ground out 5-3 (Groundball, 5L)
|
Top of the 2nd over - 3 run(s), 3 hit(s), 0 error(s), 0 left on base; Richmond 8 - Otsego 0 |
BOTTOM OF THE 2ND |
Otsego Bulldogs batting - Pitching for Richmond Flairs : LHP Carl Lewis
|
Batting: RHB Jim Beck
|
0-0: Fly out, F9 (Flyball, 9S)
|
Batting: RHB Ramiro Chávez
|
0-0: Ball 1-0: Foul Ball, location: 2F 1-1: Swinging Strike 1-2: SINGLE (Flyball, 89S)
|
Batting: RHB José Martínez
|
0-0: Ball 1-0: Called Strike 1-1: Ball 2-1: Called Strike 2-2: Strikes out looking
|
Batting: RHB Felipe Rego
|
0-0: Called Strike 0-1: Fly out, F5 (Line Drive, 5)
|
Bottom of the 2nd over - 0 run(s), 1 hit(s), 0 error(s), 1 left on base; Richmond 8 - Otsego 0 |
TOP OF THE 3RD |
Richmond Flairs batting - Pitching for Otsego Bulldogs : RHP Matthew Scott
|
Pitching: LHP Jeff Hardin
|
|
Batting: RHB Christian Hudson
|
0-0: Ball 1-0: Ball 2-0: Ground out 4-3 (Groundball, 4S)
|
Batting: RHB Ray Yates
|
0-0: Swinging Strike 0-1: Foul Ball, location: 2F 0-2: Foul Ball, location: 2F 0-2: Ball 1-2: Ball 2-2: DOUBLE (Groundball, 5L)
|
Batting: RHB Javier Rentería
|
0-0: Swinging Strike 0-1: Ground out 1-3 (Groundball, 13S) Ray Yates to third
|
Batting: RHB Freddy Padilla
|
0-0: Ball 1-0: Swinging Strike 1-1: Ball 2-1: Foul Ball, location: 2F 2-2: Fly out, F4 (Line Drive, 4)
|
Top of the 3rd over - 0 run(s), 1 hit(s), 0 error(s), 1 left on base; Richmond 8 - Otsego 0 |
BOTTOM OF THE 3RD |
Otsego Bulldogs batting - Pitching for Richmond Flairs : LHP Carl Lewis
|
Batting: LHB Martin Davis
|
0-0: Ball 1-0: Ball 2-0: Ball 3-0: Base on Balls
|
Batting: RHB Kyung-bok Cho
|
0-0: Called Strike 0-1: Called Strike 0-2: Foul Ball, location: 2F 0-2: Ball 1-2: Foul Ball, location: 2F 1-2: Fielders Choice at 2nd, 5-4 (Groundball, 5)
|
Batting: RHB Armando Cuevas
|
0-0: Ball 1-0: Called Strike 1-1: Fly out, F2 (Popup, 15S)
|
Batting: RHB Jesús Tisnado
|
0-0: Ball 1-0: 2-RUN HOME RUN (Flyball, 9D), Distance : 383 ft
|
Batting: RHB Jorge Cisneros
|
0-0: Foul Ball, location: 2F 0-1: Ball 1-1: Swinging Strike 1-2: Foul Ball, location: 2F 1-2: Ball 2-2: Foul Ball, location: 2F 2-2: Strikes out swinging
|
Bottom of the 3rd over - 2 run(s), 1 hit(s), 0 error(s), 0 left on base; Richmond 8 - Otsego 2 |
TOP OF THE 4TH |
Richmond Flairs batting - Pitching for Otsego Bulldogs : LHP Jeff Hardin
|
Batting: LHB Sean Nicks
|
0-0: Ball 1-0: Ball 2-0: Ball 3-0: Swinging Strike 3-1: Base on Balls
|
Batting: RHB Alberto Hernández
|
0-0: Ball 1-0: Grounds into double play, 5-4-3 (Groundball, 56)
|
Batting: LHB Frank Geddes
|
0-0: Called Strike 0-1: Fly out, F9 (Flyball, 9)
|
Top of the 4th over - 0 run(s), 0 hit(s), 0 error(s), 0 left on base; Richmond 8 - Otsego 2 |
BOTTOM OF THE 4TH |
Otsego Bulldogs batting - Pitching for Richmond Flairs : LHP Carl Lewis
|
Batting: RHB Jim Beck
|
0-0: Called Strike 0-1: Ball 1-1: Ground out 1-3 (Groundball, P)
|
Batting: RHB Ramiro Chávez
|
0-0: TRIPLE (Flyball, 7D)
|
Batting: RHB José Martínez
|
0-0: Called Strike 0-1: Ground out 1-3 (Groundball, 13)
|
Batting: RHB Felipe Rego
|
0-0: Ball 1-0: Ground out 6-3 (Groundball, 56D)
|
Bottom of the 4th over - 0 run(s), 1 hit(s), 0 error(s), 1 left on base; Richmond 8 - Otsego 2 |
TOP OF THE 5TH |
Richmond Flairs batting - Pitching for Otsego Bulldogs : LHP Jeff Hardin
|
Batting: LHB R.J. Courtney
|
0-0: Foul Ball, location: 2F 0-1: Called Strike 0-2: Ball 1-2: Fly out, F6 (Line Drive, 56)
|
Batting: RHB Hollis Wood
|
0-0: Fly out, F6 (Line Drive, 6M)
|
Batting: RHB Christian Hudson
|
0-0: Ball 1-0: Ball 2-0: SINGLE (Groundball, 4MD)
|
Batting: RHB Ray Yates
|
0-0: Fielders Choice at 2nd, 5-4 (Groundball, 5L)
|
Top of the 5th over - 0 run(s), 1 hit(s), 0 error(s), 0 left on base; Richmond 8 - Otsego 2 |
BOTTOM OF THE 5TH |
Otsego Bulldogs batting - Pitching for Richmond Flairs : LHP Carl Lewis
|
Batting: LHB Martin Davis
|
0-0: Foul Ball, location: 2F 0-1: Ball 1-1: Swinging Strike 1-2: SINGLE (Line Drive, 6MD)
|
Batting: RHB Kyung-bok Cho
|
0-0: Called Strike Martin Davis is caught stealing 2nd base 0-1: Ball 1-1: Ball 2-1: Ground out 5-3 (Groundball, 25)
|
Batting: RHB Armando Cuevas
|
0-0: Called Strike 0-1: Swinging Strike 0-2: Ball 1-2: Strikes out looking
|
Bottom of the 5th over - 0 run(s), 1 hit(s), 0 error(s), 0 left on base; Richmond 8 - Otsego 2 |
TOP OF THE 6TH |
Richmond Flairs batting - Pitching for Otsego Bulldogs : LHP Jeff Hardin
|
Batting: RHB Javier Rentería
|
0-0: Ball 1-0: Ball 2-0: SINGLE (Groundball, 4MD)
|
Batting: RHB Freddy Padilla
|
0-0: Ball 1-0: Ball 2-0: Swinging Strike 2-1: Foul Ball, location: 2F 2-2: Strikes out looking
|
Batting: LHB Sean Nicks
|
0-0: Swinging Strike 0-1: Ball 1-1: Ball 2-1: Fly out, F7 (Line Drive, 78D)
|
Batting: RHB Alberto Hernández
|
0-0: Ball 1-0: Called Strike 1-1: Ball 2-1: Called Strike 2-2: Fielders Choice at 2nd, U4 (Groundball, 4M)
|
Top of the 6th over - 0 run(s), 1 hit(s), 0 error(s), 1 left on base; Richmond 8 - Otsego 2 |
BOTTOM OF THE 6TH |
Otsego Bulldogs batting - Pitching for Richmond Flairs : LHP Carl Lewis
|
Batting: RHB Jesús Tisnado
|
0-0: SINGLE (Flyball, 7LS)
|
Batting: RHB Jorge Cisneros
|
0-0: SINGLE (Groundball, 6MD) Jesús Tisnado to second
|
Batting: RHB Jim Beck
|
0-0: Grounds into double play, 6-4-3 (Groundball, 6) Jesús Tisnado to third
|
Batting: RHB Ramiro Chávez
|
0-0: Fly out, F8 (Flyball, 89XD)
|
Bottom of the 6th over - 0 run(s), 2 hit(s), 0 error(s), 1 left on base; Richmond 8 - Otsego 2 |
TOP OF THE 7TH |
Richmond Flairs batting - Pitching for Otsego Bulldogs : LHP Jeff Hardin
|
Pitching: LHP Félix García
|
|
Batting: LHB Frank Geddes
|
0-0: Called Strike 0-1: Swinging Strike 0-2: Ball 1-2: Foul Ball, location: 2F 1-2: Strikes out swinging
|
Batting: LHB R.J. Courtney
|
0-0: Foul Ball, location: 2F 0-1: Ground out 1-3 (Groundball, 13S)
|
Pitching: LHP Esteban Santos
|
|
Batting: RHB Hollis Wood
|
0-0: Called Strike 0-1: SINGLE (Groundball, 4MD)
|
Batting: RHB Christian Hudson
|
0-0: Called Strike 0-1: SINGLE (Flyball, 8RS) Hollis Wood to second
|
Batting: RHB Ray Yates
|
0-0: Ball 1-0: Foul Ball, location: 2F 1-1: Swinging Strike 1-2: Foul Ball, location: 2F 1-2: Foul Ball, location: 2F 1-2: Ball 2-2: DOUBLE (Line Drive, 7LD) Hollis Wood scores Christian Hudson to third Runner from 3rd tries for Home, SAFE, no throw
|
Batting: RHB Javier Rentería
|
0-0: Foul Ball, location: 2F 0-1: Swinging Strike 0-2: Ball 1-2: Ball 2-2: Hit by Pitch
|
Batting: RHB Freddy Padilla
|
0-0: Foul Ball, location: 2F 0-1: Ball 1-1: Fielders Choice at 2nd, 5-4 (Groundball, 56)
|
Top of the 7th over - 2 run(s), 3 hit(s), 0 error(s), 1 left on base; Richmond 10 - Otsego 2 |
BOTTOM OF THE 7TH |
Otsego Bulldogs batting - Pitching for Richmond Flairs : LHP Carl Lewis
|
Batting: RHB José Martínez
|
0-0: Ball 1-0: Ball 2-0: Swinging Strike 2-1: Swinging Strike 2-2: Ball 3-2: Strikes out swinging
|
Batting: RHB Felipe Rego
|
0-0: Swinging Strike 0-1: Ball 1-1: Ground out 4-3 (Groundball, 4)
|
Batting: LHB Martin Davis
|
0-0: SINGLE (Line Drive, 3S)
|
Batting: RHB Kyung-bok Cho
|
0-0: Called Strike 0-1: Ball 1-1: Ball 2-1: Swinging Strike 2-2: Strikes out swinging
|
Bottom of the 7th over - 0 run(s), 1 hit(s), 0 error(s), 1 left on base; Richmond 10 - Otsego 2 |
TOP OF THE 8TH |
Richmond Flairs batting - Pitching for Otsego Bulldogs : LHP Esteban Santos
|
Batting: LHB Sean Nicks
|
0-0: Ball 1-0: Ball 2-0: Ball 3-0: Base on Balls
|
Batting: RHB Alberto Hernández
|
0-0: Ball 1-0: Called Strike 1-1: Ball 2-1: Ball 3-1: Foul Ball, location: 2F 3-2: Base on Balls Sean Nicks to second
|
Batting: LHB Frank Geddes
|
0-0: Ball 1-0: Ball 2-0: Ball 3-0: Called Strike 3-1: Foul Ball, location: 2F 3-2: Strikes out swinging
|
Batting: LHB R.J. Courtney
|
0-0: Fly out, F8 (Flyball, 78XD) Runner from 2nd tags up, SAFE at 3rd, no throw
|
Batting: RHB Hollis Wood
|
0-0: Ball 1-0: Ball 2-0: Called Strike 2-1: Foul Ball, location: 2F 2-2: Ball 3-2: Base on Balls Alberto Hernández to second
|
Batting: RHB Christian Hudson
|
0-0: Called Strike 0-1: Ball 1-1: Foul Ball, location: 2F 1-2: Ball 2-2: Fly out, F9 (Flyball, 9LS)
|
Top of the 8th over - 0 run(s), 0 hit(s), 0 error(s), 3 left on base; Richmond 10 - Otsego 2 |
BOTTOM OF THE 8TH |
Otsego Bulldogs batting - Pitching for Richmond Flairs : LHP Carl Lewis
|
Now at C: Tadakuni Sugiyama
|
|
Now at 1B: Adrián Miranda
|
|
Now at SS: Maresuke Yoshida
|
|
Now in LF: Roland Jones
|
|
Batting: RHB Armando Cuevas
|
0-0: Fly out, F8 (Flyball, 8RS)
|
Batting: RHB Jesús Tisnado
|
0-0: SINGLE (Line Drive, 8LS)
|
Batting: RHB Jorge Cisneros
|
0-0: Called Strike 0-1: Foul Ball, location: 2F 0-2: Ball 1-2: Ball 2-2: Strikes out swinging
|
Batting: RHB Jim Beck
|
0-0: Ball 1-0: Called Strike 1-1: Fly out, F8 (Flyball, 8RM)
|
Bottom of the 8th over - 0 run(s), 1 hit(s), 0 error(s), 1 left on base; Richmond 10 - Otsego 2 |
TOP OF THE 9TH |
Richmond Flairs batting - Pitching for Otsego Bulldogs : LHP Esteban Santos
|
Batting: RHB Ray Yates
|
0-0: Called Strike 0-1: Foul Ball, location: 2F 0-2: Ball 1-2: Ball 2-2: Foul Ball, location: 2F 2-2: Foul Ball, location: 2F 2-2: DOUBLE (Flyball, 78D)
|
Pitching: LHP Henry Barton
|
|
Batting: RHB Javier Rentería
|
0-0: Ball 1-0: Called Strike 1-1: Ball 2-1: Ground out 1-3 (Groundball, P) Ray Yates to third
|
Batting: RHB Freddy Padilla
|
0-0: Ball 1-0: Called Strike 1-1: Called Strike 1-2: Ball 2-2: Ball 3-2: Foul Ball, location: 2F 3-2: SINGLE (Flyball, 89S) Ray Yates scores
|
Batting: LHB Sean Nicks
|
0-0: Ball 1-0: Ball 2-0: Called Strike 2-1: Ball 3-1: Base on Balls Freddy Padilla to second
|
Batting: RHB Alberto Hernández
|
0-0: Fly out, F8 (Line Drive, 8RS)
|
Batting: SHB Adrián Miranda
|
0-0: Called Strike 0-1: Foul Ball, location: 2F 0-2: Foul Ball, location: 2F 0-2: Ball 1-2: Ground out 5-3 (Groundball, 56)
|
Top of the 9th over - 1 run(s), 2 hit(s), 0 error(s), 2 left on base; Richmond 11 - Otsego 2 |
BOTTOM OF THE 9TH |
Otsego Bulldogs batting - Pitching for Richmond Flairs : LHP Carl Lewis
|
Now at 3B: Guo-xiu Hsueh
|
|
Batting: RHB Ramiro Chávez
|
0-0: Ball 1-0: Ball 2-0: Ball 3-0: Called Strike 3-1: Fly out, F4 (Popup, 4MD)
|
Pitching: LHP Salvador Rodríguez
|
|
Batting: RHB José Martínez
|
0-0: Called Strike 0-1: Ball 1-1: Foul Ball, location: 2F 1-2: Ball 2-2: Foul Ball, location: 2F 2-2: Ball 3-2: Foul Ball, location: 2F 3-2: Base on Balls
|
Batting: RHB Felipe Rego
|
0-0: Called Strike 0-1: Ball 1-1: Ball 2-1: Foul Ball, location: 2F 2-2: 2-RUN HOME RUN (Flyball, 7D), Distance : 375 ft
|
Batting: LHB Martin Davis
|
0-0: Foul Ball, location: 2F 0-1: SINGLE (Line Drive, 9S)
|
Batting: RHB Kyung-bok Cho
|
0-0: Fly out, F1 (Line Drive, 13) Lined into DP, 1-3 (Line Drive, 13)
|
Bottom of the 9th over - 2 run(s), 2 hit(s), 0 error(s), 0 left on base; Richmond 11 - Otsego 4 |
|